 Crawl Stoat Soup version 0.23-ish-327-87-g3a41155e8f (console) character file.

8904 damerell the Reanimator (level 11, 0/147 HPs)
             Began as a Deep Dwarf Necromancer on Mar 31, 2024.
             Was a Priest of Makhleb.
             Slain by an orc warrior
             ... wielding a +0 long sword
              (21 damage)
             ... on level 2 of the Orcish Mines.
             The game lasted 01:19:31 (14861 turns).

damerell the Reanimator (Deep Dwarf Necromancer)   Turns: 14861, Time: 01:19:32

Health: 0/147      AC: 10    Str: 16    XL:     11   Next: 16%
Magic:  19/19      EV: 17    Int: 20    God:    Makhleb [***...]
Gold:   381        SH:  0    Dex: 13    Spells: 9/22 levels left

rFire    + . .     SeeInvis +   a - +1 trident (freeze)
rCold    + . .     Gourm    +   (no shield)
rNeg     . . .     Faith    .   u - +3 leather armour
rPois    .         Spirit   .   (no helmet)
rElec    .         Warding  .   O - scarf {rC+ rF+}
rCorr    .         Reflect  .   f - +2 pair of gloves
MR       +....     Harm     .   A - +0 pair of boots
Stlth    ..........             G - amulet of the gourmand
HPRegen  0.00/turn              X - +2 ring of evasion
MPRegen  0.16/turn              H - ring of see invisible

@: berserking (expiring), non-regenerating, very quick
A: damage resistance, heal wounds, sense surroundings 2, no regeneration
a: Heal Wounds, Minor Destruction, Lesser Servant of Makhleb, Renounce Religion


You were on level 2 of the Orcish Mines.
You worshipped Makhleb.
Makhleb was most pleased with you.
You were completely stuffed.

You visited 3 branches of the dungeon, and saw 13 of its levels.
You also visited: Ossuary.

You collected 789 gold pieces.
You spent 408 gold pieces at shops.

Inventory:

Hand Weapons
 a - a +1 trident of freezing (weapon)
   (You took it off an orc on level 3 of the Dungeon)
 b - a +1 dire flail of holy wrath
   (You took it off an orc warrior on level 7 of the Dungeon)
Missiles
 j - 222 stones (quivered)
 s - 46 poisoned darts
 L - 14 boomerangs
 S - 5 steel boomerangs
Armour
 f - a +2 pair of gloves (worn)
   (You found it on level 1 of the Dungeon)
 u - a +3 leather armour (worn)
   (You found it on level 3 of the Dungeon)
 A - a +0 pair of boots (worn)
   (You found it on level 6 of the Dungeon)
 O - a scarf of resistance (worn)
   (You found it on level 8 of the Dungeon)
Jewellery
 E - an uncursed ring of ice
   (You took it off an orc wizard on level 6 of the Dungeon)
 G - an amulet of the gourmand (around neck)
   (You found it on level 7 of the Dungeon)
 H - a ring of see invisible (right hand)
   (You found it on level 7 of the Dungeon)
 I - an uncursed ring of fire
   (You found it on level 7 of the Dungeon)
 M - an uncursed ring of flight
   (You found it on level 6 of the Dungeon)
 X - a +2 ring of evasion (left hand)
   (You found it on level 6 of the Dungeon)
Wands
 J - a wand of flame (16 charges)
 P - a wand of random effects (24 charges)
 Q - a wand of mindburst (15 charges)
Scrolls
 c - a scroll of enchant weapon
 e - a scroll of fear {unknown}
 i - 2 scrolls of fog
 m - 2 scrolls of teleportation
 q - 5 scrolls of amnesia
 r - a scroll of blinking
 w - 7 scrolls of remove curse
 y - a scroll of immolation
 D - a scroll of magic mapping
 K - a scroll of vulnerability
Potions
 g - 4 potions of flight
 h - 3 potions of might
 l - 8 potions of curing
 n - 2 potions of brilliance
 p - 3 potions of magic
 v - 2 potions of cancellation
 x - a potion of mutation
 z - 2 potions of haste
 C - 2 potions of invisibility
Comestibles
 d - 18 bread rations
 k - a meat ration


   Skills:
 + Level 6.3 Fighting
 - Level 6.5 Polearms
 + Level 8.9 Dodging
 - Level 2.4 Stealth
 - Level 6.1 Spellcasting
 - Level 9.8 Necromancy
 + Level 2.5 Transmutations
 + Level 5.7 Invocations


You had 9 spell levels left.
You knew the following spells:

 Your Spells              Type           Power        Failure   Level  Hunger
a - Necrotise             Necr           25/25        1%          1    None
b - Vampiric Draining     Necr           45/200       1%          3    ##.....
c - Animate Dead          Necr           N/A          2%          4    ####...
d - Yara's Violent Unrav  Hex/Tmut       11/200       91%         5    #####..

Your spell library contained the following spells:

 Spells                   Type           Power        Failure   Level  Hunger
 Apportation              Tloc           6/50         13%         1    None
 Confusing Touch          Hex            6/50         13%         1    None
 Summon Butterflies       Summ           6/100        13%         1    None
 Confuse                  Hex            6/100        36%         3    ##.....
 Gell's Gravitas          Tloc           6/200        36%         3    ##.....
 Lesser Beckoning         Tloc           6/200        36%         3    ##.....
 Tukima's Dance           Hex            6/100        36%         3    ##.....
 Petrify                  Tmut/Erth      11/100       58%         4    ####...
 Alistair's Intoxication  Tmut/Pois      11/100       91%         5    #####..
 Metabolic Englaciation   Hex/Ice        6/200        98%         5    #####..
 Invisibility             Hex            6/100        100%        6    #######
 Regeneration             Chrm/Necr      Unusable     N/A         4    N/A

Dungeon Overview and Level Annotations

Branches:
Dungeon (10/15)            Temple (1/1) D:6             Orc (2/2) D:10
    Elf (0/3) Orc:2
   Lair: D:8-11

Altars:
Ashenzari
Cheibriados
Dithmenos
Elyvilon
Fedhas
Gozag
Hepliaklqana Ihp'ix
Kikubaaqudgha
Makhleb
Nemelex Xobeh
Okawaru
Qazlal
Ru
Sif Muna
Trog
Uskayaw
Vehumet
Wu Jian
Xom
Yredelemnul
The Shining One

Shops:
D:5 *!

Annotations:
D:2 digout dancing weapons
D:4 1 runed door (digout altar)


Innate Abilities, Weirdness & Mutations

You are resistant to damage.
You can heal yourself by infusing magical energy.
You passively map the area around you.
You do not regenerate.


Message History

Unknown command.
You feel yourself slow down.
You feel a little less agile now.
You feel a little less mighty now.
Your magical contamination has completely faded away.
Eating a chunk of flesh.
You eat the chunk of flesh.
This raw flesh tastes great.
Magic restored.
Things that are here:
a great sword; a chain mail An orc warrior and an orc knight come into view.
The orc knight shouts!
You hear a shout!
The orc warrior moves out of view.
Throwing (i - inventory) (/) - cycle)
j - 223 stones (quivered)
Press: ? - help, Shift-Dir - straight line, f - orc knight
Aim: an orc knight, wielding a battleaxe and wearing a plate armour You throw a stone.
The stone hits the orc knight but does no damage.
Press: ? - help, Shift-Dir - straight line, f/p - orc knight
Aim: an orc knight, wielding a battleaxe and wearing a plate armour Really fire in your warg zombie's direction?
Okay, then.
The orc knight roars a battlecry!
Press: ? - help, Shift-Dir - straight line, f/p - orc knight
Aim: an orc knight, wielding a battleaxe and wearing a plate armour The orc knight writhes in agony.
Your warg zombie completely misses the orc knight.
The orc knight hits your orc warrior skeleton with a battleaxe!
The orc knight hits your warg zombie with a battleaxe!!
Your orc warrior skeleton closely misses the orc knight.
Your warg zombie bites the orc knight but does no damage.
Unknown command.
Attack whom?
Press: ? - help, Dir - move target cursor, f/p - orc knight
Aim: an orc knight, wielding a battleaxe and wearing a plate armour (lightly wounded)
You could not reach far enough!
The orc warrior hits your warg zombie with a long sword!!
Your warg zombie is destroyed!
The orc knight hits your orc warrior skeleton with a battleaxe.
Your orc warrior skeleton hits the orc knight but does no damage.
Attack whom?
Press: ? - help, Dir - move target cursor, f/p - orc knight
Aim: an orc knight, wielding a battleaxe and wearing a plate armour (lightly wounded)
You reach to attack!
You hit the orc knight. You freeze the orc knight.
The orc knight is lightly wounded.
The orc knight hits your orc warrior skeleton with a battleaxe!
Your orc warrior skeleton is destroyed!
Press: ? - help, Shift-Dir - straight line, f/p - orc knight
Aim: an orc knight, wielding a battleaxe and wearing a plate armour (lightly wounded)
The zap hits the orc knight.
The orc knight appears unharmed.
The orc knight is lightly wounded.
Evoke which item? (* to show all) (? for menu, Esc to quit)
Okay, then.
Press: ? - help, Shift-Dir - straight line, f - orc warrior, p - orc knight
Aim: an orc warrior, wielding a long sword and wearing a plate armour (unusually strong)
The puff of flame hits the orc knight.
The orc knight appears unharmed.
The orc knight is lightly wounded.
Things that are here:
a great sword; a chain mail A red film seems to cover your vision as you go berserk!
You feel yourself moving faster!
You feel mighty!
You closely miss the orc knight.
The orc knight is lightly wounded.
You puncture the orc knight! You freeze the orc knight.
The orc knight is moderately wounded.
The orc knight roars a battlecry!
The orc warrior goes into a battle-frenzy!
You hit the orc knight but do no damage.
The orc knight is moderately wounded.
The orc warrior misses you.
You hit the orc knight. You freeze the orc knight.
The orc knight is moderately wounded.
The orc knight completely misses you.
You hit the orc knight. You freeze the orc knight.
The orc knight is heavily wounded.
The orc warrior barely misses you.
You hit the orc knight but do no damage.
The orc knight is heavily wounded.
The orc knight hits you with a battleaxe.
You barely miss the orc knight.
The orc knight is heavily wounded.
The orc warrior hits you with a long sword.
You hit the orc knight but do no damage.
The orc knight is heavily wounded.
The orc knight completely misses you.
You puncture the orc knight! You freeze the orc knight.
The orc knight is severely wounded.
The orc warrior barely misses you.
You puncture the orc knight! You freeze the orc knight.
The orc knight is almost dead.
The orc knight hits you with a battleaxe!!
* * * LOW HITPOINT WARNING * * *
The orc warrior closely misses you.
You puncture the orc knight! You freeze the orc knight.
You kill the orc knight!
Makhleb accepts your kill.
You puncture the orc warrior! You freeze the orc warrior.
The orc warrior is heavily wounded.
The orc warrior hits you with a long sword!!
You die...

...............##.##
...............#@).#
,,
........#.....###o##
* ,
...<....##....###.##
* *
..............##...#
, ,
.....#.........o..##
,, ,
............#.##...#
,,
...........######.##
, .......#...#* ###
, ..........).# * ,,
, , .............#*
* , ,.....$.......#
, , .............#
......(...P...# * ,
....#P(PP.....# * ,
,.........P..... * ,
, , , , , , , ,


You could see an orc warrior.

Vanquished Creatures
  A two-headed ogre (D:8)
  A centaur warrior (D:6)
  An unseen horror (D:10)
  2 orc knights (Orc:2)
  A troll (Orc:2)
  A spriggan (D:7)
  A wraith (D:10)
  A wyvern (D:7)
  3 hippogriffs
  2 hungry ghosts
  A warg (Orc:2)
  A water moccasin (D:10)
  3 sky beasts
  2 ice beasts
  A hornet zombie (D:7)
  9 orc warriors
  3 necrophages
  An ogre (D:8)
  3 centaurs
  2 phantoms
  A scorpion (D:6)
  2 vampire bats (Orc:2)
  4 wights (D:8)
  2 goliath beetles
  2 howler monkeys
  9 orc priests
  5 hounds
  2 jellies (D:8)
  A bullfrog skeleton (D:4)
  11 orc wizards
  2 iguanas
  4 worker ants
  A killer bee zombie (D:8)
  A big kobold zombie (Ossuary)
  2 hound skeletons
  2 hound zombies (D:9)
  10 mummies
  11 adders
  5 white imps
  An ufetubus (D:9)
  An adder zombie (D:8)
  6 adder skeletons
  2 worms (D:2)
  3 dart slugs (D:1)
  4 leopard geckos
  35 orcs
  15 bats
  4 giant cockroaches
  5 goblins
  9 hobgoblins
  5 jackals
  6 weasels
  5 frilled lizards
  4 hobgoblin zombies (Ossuary)
  9 kobolds
  A kobold zombie (Ossuary)
  A leopard gecko skeleton (D:7)
  2 orc zombies (Ossuary)
  5 rats
  A weasel skeleton (D:8)
241 creatures vanquished.

Vanquished Creatures (collateral kills)
  An orc sorcerer (Orc:1)
  An orc warrior (Orc:1)
  An ogre (Orc:1)
  A centaur (D:6)
  2 bullfrogs
  3 wights
  A killer bee (D:9)
  A howler monkey (D:9)
  A centaur zombie (D:6)
  2 orc wizards (Orc:1)
  A mummy (D:7)
  2 oozes (D:1)
  2 orcs
  A goblin (D:1)
  A hobgoblin (D:3)
  A jackal zombie (D:8)
  A rat (D:3)
  A withered plant (D:7)
24 creatures vanquished.

Vanquished Creatures (others)
  5 fungi (Orc:2)
5 creatures vanquished.

Grand Total: 270 creatures vanquished

Notes
Turn   | Place    | Note
-------+----------+-------------------------------------------
     0 | D:1      | damerell the Deep Dwarf Necromancer began the quest for the
                  | Orb.
     0 | D:1      | Reached XP level 1. HP: 15/15 MP: 3/3
   270 | D:1      | Reached XP level 2. HP: 24/24 MP: 2/4
   312 | D:1      | Reached skill level 1 in Fighting
   622 | D:1      | Reached XP level 3. HP: 27/31 MP: 2/6
   985 | D:1      | Learned a level 3 spell: Vampiric Draining
  1315 | D:2      | Noticed a hand axe
  1317 | D:2      | Noticed a dagger
  1378 | D:2      | Reached skill level 5 in Necromancy
  1573 | D:2      | Found a hide-covered altar of Uskayaw.
  1688 | D:2      | Reached XP level 4. HP: 35/38 MP: 2/7
  2843 | D:3      | Found a bloodstained altar of Trog.
  2843 | D:3      | Found a shimmering altar of Xom.
  2844 | D:3      | Found a glowing golden altar of the Shining One.
  3126 | D:3      | Reached XP level 5. HP: 45/45 MP: 0/8
  3492 | D:3      | Noticed ceb's ghost (amateur FDNe)
  3660 | D:3      | Found a faded altar of an unknown god.
  3925 | D:3      | Reached XP level 6. HP: 46/52 MP: 0/10
  4057 | D:3      | Reached skill level 1 in Polearms
  4147 | D:3      | Learned a level 4 spell: Animate Dead
  4632 | D:2      | Found a stormy altar of Qazlal.
  4758 | D:4      | Found a glowing golden altar of the Shining One.
  4759 | D:4      | Found a runed door.
  4759 | D:4      | Noticed an angel
  5016 | D:4      | Found a basalt altar of Yredelemnul.
  5051 | D:4      | Reached skill level 6 in Necromancy
  5169 | D:4      | You fall through a shaft for 3 floors!
  5222 | D:6      | Found a sand-covered staircase.
  5291 | Ossuary  | Entered an ossuary
  5372 | Ossuary  | HP: 13/55 [mummy (16)]
  5379 | Ossuary  | Reached XP level 7. HP: 19/61 MP: 11/11
  5464 | Ossuary  | HP: 10/61 [mummy (13)]
  5550 | Ossuary  | HP: 13/62 [mummy (10)]
  5568 | Ossuary  | HP: 15/62 [mummy (7)]
  5759 | D:5      | Entered Level 5 of the Dungeon
  6240 | D:5      | Found Hanynoux's General Store.
  6345 | D:5      | Found Hautod's Distillery.
  6397 | D:5      | Bought a potion of degeneration for 12 gold pieces
  6397 | D:5      | Bought a potion of magic for 96 gold pieces
  6397 | D:5      | Bought 2 potions of haste for 240 gold pieces
  6397 | D:5      | Bought a potion of berserk rage for 60 gold pieces
  6714 | D:6      | Noticed a hippogriff
  6721 | D:6      | Killed a hippogriff
  6907 | D:6      | Found a three-legged altar of Ihp'ix.
  7079 | D:6      | Noticed a hungry ghost
  7133 | D:6      | Killed a hungry ghost
  7133 | D:6      | Reached XP level 8. HP: 52/69 MP: 12/12
  7158 | D:6      | Reached skill level 5 in Dodging
  7158 | D:6      | Reached skill level 7 in Necromancy
  7545 | D:6      | Found a bloodstained altar of Trog.
  7553 | D:6      | HP: 22/69 [white imp/puff of frost (9)]
  7559 | D:6      | Found a staircase to the Ecumenical Temple.
  7568 | Temple   | Entered the Ecumenical Temple
  7584 | Temple   | Became a worshipper of Makhleb the Destroyer
  8069 | D:6      | Noticed a centaur warrior
  8091 | D:6      | HP: 15/72 [centaur warrior (9)]
  8092 | D:6      | Killed a centaur warrior
  8092 | D:6      | Reached skill level 5 in Polearms
  8092 | D:6      | Reached skill level 8 in Necromancy
  8092 | D:6      | Gained mutation: You passively map the area around you.
                  | [Deep Dwarf growth]
  8092 | D:6      | Reached XP level 9. HP: 17/78 MP: 0/14
  8237 | D:6      | HP: 15/78 [orc wizard/dagger (2)]
  9181 | D:7      | Reached * piety under Makhleb
  9283 | D:7      | Reached skill level 9 in Necromancy
  9753 | D:7      | Reached skill level 5 in Fighting
  9864 | D:8      | Noticed a two-headed ogre
 10062 | D:8      | HP: 25/80 [two-headed ogre/dire flail (12)]
 10063 | D:8      | Killed a two-headed ogre
 10063 | D:8      | Reached skill level 5 in Spellcasting
 10063 | D:8      | Reached XP level 10. HP: 27/88 MP: 3/16
 10845 | D:8      | Reached ** piety under Makhleb
 11002 | D:8      | Reached skill level 1 in Invocations
 11362 | D:8      | Found an ornate altar of the Wu Jian Council.
 11697 | D:9      | Found a snail-covered altar of Cheibriados.
 12595 | D:9      | Learned a level 5 spell: Yara's Violent Unravelling
 12606 | D:9      | Found an iron altar of Okawaru.
 12836 | D:6      | HP: 27/88 [something (5)]
 13071 | D:10     | Entered Level 10 of the Dungeon
 13375 | D:10     | Reached *** piety under Makhleb
 13564 | D:10     | Found a staircase to the Orcish Mines.
 13639 | D:10     | Noticed an unseen horror
 13650 | D:10     | Killed an unseen horror
 13844 | D:10     | Noticed a deep troll earth mage
 13988 | Orc:1    | Entered Level 1 of the Orcish Mines
 13992 | Orc:1    | Noticed an orc sorcerer
 13994 | Orc:1    | Reached skill level 1 in Transmutations
 14004 | Orc:1    | Killed an orc sorcerer
 14306 | Orc:2    | Entered Level 2 of the Orcish Mines
 14317 | Orc:2    | Found a staircase to the Elven Halls.
 14332 | Orc:2    | HP: 25/91 [orc warrior/long sword (17)]
 14333 | Orc:2    | Reached skill level 5 in Invocations
 14610 | Orc:2    | Noticed an orc knight
 14627 | Orc:2    | HP: 26/91 [orc warrior/trident (17)]
 14628 | Orc:2    | Reached XP level 11. HP: 28/97 MP: 3/19
 14628 | Orc:2    | HP: 3/97 [orc warrior/trident (27)]
 14635 | Orc:2    | HP: 39/145 [warg (8)]
 14645 | Orc:2    | HP: 21/145 [orc knight/great sword (18)]
 14650 | Orc:2    | HP: 12/145 [orc knight/great sword (8)]
 14656 | Orc:2    | HP: 18/97 [orc knight/great sword (9)]
 14663 | Orc:2    | HP: 18/97 [orc knight/great sword (19)]
 14671 | Orc:2    | HP: 1/97 [orc knight/great sword (29)]
 14674 | Orc:2    | Killed an orc knight
 14828 | Orc:2    | Noticed an orc knight
 14856 | Orc:2    | HP: 46/145 [orc warrior/long sword (3)]
 14859 | Orc:2    | HP: 21/145 [orc knight/battleaxe (25)]
 14860 | Orc:2    | Killed an orc knight
 14861 | Orc:2    | Slain by an orc warrior

Vault maps used:
D:1:      minmay_arrival_split_and_join
D:2:      dancing_weapons_uskayaw, nicolae_overflow_hidden_temple, first_bread,
          minmay_domino_2
D:3:      minmay_diamond_boxcup, gammafunk_temple_overflow_claw,
          chequers_ecumenical_altar_twisty, hangedman_decor_riveting,
          chequers_serial_rivers_micro_b
D:4:      yredelemnul_altar_generic, lemuel_angel_altar
D:5:      serial_shops, shop, shop
D:6:      lemuel_ice_spiral_2, lemuel_doored_altar, temple_doors_e,
          chequers_ossuary_entry_cave, basic_altar, minmay_three_doors
D:7:      serial_undead, serial_undead_d, serial_undead_a, serial_undead_a,
          serial_undead_c, serial_undead_c, the_bakery
D:8:      old_standard_altar, serial_column_ruins, column_ruins_courtyard_long,
          column_ruins_circle_medium, column_ruins_columns_straight,
          column_ruins_grid_1, column_ruins_open_medium, column_ruins_open_large
D:9:      minmay_skewed_foursquare, overflow_temple_1_default,
          lemuel_coloured_pillars_altar
D:10:     orc_0_dummy, serial_park_tiny_1, grunt_ministairs_9,
          minmay_door_square, jmf_multi_god_temple
Temple:   cyrus_circular_temple
Orc:1:    basic_altar
Orc:2:    grunt_orc_gardens, grunt_orc_garden, grunt_orc_garden,
          grunt_orc_garden, grunt_orc_garden, roderic_batcave
Ossuary:  ossuary_tomb_3

Skill      XL: |  1  2  3  4  5  6  7  8  9 10 |
---------------+-------------------------------+-----
Fighting       | 1 2 3 4 5 6 |  6.3
Spellcasting   | 2 3 4 5 6 |  6.1
Necromancy     | 5 6 8 9 |  9.8
Dodging        | 3 4 6 7 8 |  8.9
Polearms       | 2 3 5 6 |  6.5
Invocations    | 5 |  5.7
Transmutations | 2 |  2.5
Stealth        | |  2.4

Action                   |  1- 3 |  4- 6 |  7- 9 | 10-12 || total
-------------------------+-------+-------+-------+-------++-------
Melee: Short sword       |    14 |     2 |       |       ||    16
       Trident           |       |    73 |   247 |   145 ||   465
       Dire flail        |       |       |       |    18 ||    18
Throw: Stone             |    14 |    57 |    83 |    26 ||   180
       Dart              |       |       |     5 |       ||     5
 Cast: Necrotise         |    59 |   103 |    56 |    41 ||   259
       Vampiric Draining |     3 |    15 |    53 |    80 ||   151
       Animate Dead      |       |     1 |    13 |    25 ||    39
Invok: Minor Destruction |       |       |       |   107 ||   107
 Abil: Heal Wounds       |       |     1 |     5 |     2 ||     8
  Use: Scroll            |       |     6 |     7 |     7 ||    20
       Potion            |       |     1 |     2 |     8 ||    11
 Stab: Sleeping          |     4 |     2 |     2 |       ||     8
       Distracted        |       |     1 |     1 |     2 ||     4
  Eat: Chunk             |     4 |    13 |     6 |    30 ||    53
       Meat ration       |       |       |     7 |       ||     7
Armor: Robe              |     5 |    18 |    15 |       ||    38
       Leather armour    |       |       |    40 |    76 ||   116
Dodge: Dodged            |    17 |    58 |   129 |   206 ||   410

Table legend:
 A = Spawn XP
 B = Non-spawn XP
 C = Spawn XP percentage of total XP
 D = Spawn monster count
 E = Non-spawn monster count
 F = Spawn count percentage of total count
 G = Total turns spent on level
                    A         B        C        D         E        F      G
               +---------+---------+-------+---------+---------+-------+---------
         Total |    1296 |   11425 |  10.2 |      44 |     220 |  16.7 | 14861
               +---------+---------+-------+---------+---------+-------+---------
           D:1 |       5 |      49 |   9.3 |       3 |      21 |  12.5 |  1283
           D:2 |      31 |      75 |  29.2 |       3 |      15 |  16.7 |  1385
           D:3 |      13 |     277 |   4.5 |       7 |      32 |  17.9 |  2028
           D:4 |      55 |     253 |  17.9 |       3 |      10 |  23.1 |   913
           D:5 |       0 |      44 |   0.0 |       0 |       2 |   0.0 |   502
           D:6 |     353 |    2087 |  14.5 |       5 |      18 |  21.7 |  2035
           D:7 |     149 |    1265 |  10.5 |       4 |      20 |  16.7 |  1709
           D:8 |     436 |    1863 |  19.0 |      11 |      22 |  33.3 |  1275
           D:9 |     107 |     924 |  10.4 |       7 |      24 |  22.6 |  1462
          D:10 |     147 |    1306 |  10.1 |       1 |      10 |   9.1 |   917
         Orc:1 |       0 |    1071 |   0.0 |       0 |      15 |   0.0 |   322
         Orc:2 |       0 |    2037 |   0.0 |       0 |      15 |   0.0 |   551
       Ossuary |       0 |     174 |   0.0 |       0 |      16 |   0.0 |   453
               +---------+---------+-------+---------+---------+-------+---------
